 Dungeon Crawl Stone Soup version 0.30.1-4-g462c640d31 (webtiles) character file.

Game seed: 12700857594992172432

30 Peloso the Trooper (level 3, 33/33 HPs)
             Began as a Minotaur Fighter on Aug 19, 2023.
             Got out of the dungeon alive.
             The game lasted 00:01:46 (529 turns).

Peloso the Trooper (Minotaur Fighter)                Turns: 529, Time: 00:01:47

Health: 33/33      AC:  8    Str: 20    XL:     3   Next: 3%
Magic:  2/2        EV:  9    Int:  5    God:
Gold:   88         SH:  4    Dex: 11    Spells: 2/2 levels left

rFire   . . .        a - +0 long sword
rCold   . . .        c - +0 buckler
rNeg    . . .        b - +1 scale mail
rPois   +            (helmet restricted)
rElec   .            (no cloak)
rCorr   .            (no gloves)
SInv    .            (no boots)
Will    .....        (no amulet) Stlth
                     (no ring)
HPRegen 0.25/turn    (no ring)
MPRegen 0.08/turn

%: no passive effects
@: invisible (expiring)
A: horns 2, retaliatory headbutt, poison resistance, MP-powered wands
a: no special abilities


You escaped.
You visited 1 branch of the dungeon, and saw 1 of its levels.

You collected 88 gold pieces.

Inventory:

Hand Weapons
 a - a +0 long sword (weapon)
Armour
 b - a +1 scale mail (worn)
 c - a +0 buckler (worn)
Scrolls
 e - a scroll of enchant armour
 g - a scroll of noise
Potions
 d - a potion of might
 i - a potion of invisibility


   Skills:
 + Level 4.2 Fighting
 + Level 2.9 Long Blades
 + Level 4.0 Armour
 + Level 4.0 Shields


You had 2 spell levels left.
You didn't know any spells.
Your spell library was empty.

Dungeon Overview and Level Annotations

Branches:
Dungeon (1/15)

Altars:


Innate Abilities, Weirdness & Mutations

You have a pair of horns on your head.
You reflexively headbutt those who attack you in melee.
Your system is resistant to poisons. (rPois)
You expend magic power (3 MP) to strengthen your wands.


Message History

You miss the quokka. The quokka barely misses you. The quokka bites you.
You closely miss the quokka. You block the quokka's attack.
You barely miss the quokka. You block the quokka's attack.
The quokka bites you.
You barely miss the quokka. The quokka bites you.
The quokka bites you but does no damage.
You slash the quokka!
You kill the quokka!
You see here 4 stones.
Done exploring.
Done exploring.
Done exploring.
Done exploring.
It was a potion of curing.
You feel better.
It was a potion of invisibility.
You fade into invisibility!
It was a potion of mutation.
You feel extremely strange.
You feel resistant to poisons.
You feel your magical essence link to the dungeon's wands.
(D) Dungeon
Where to? (? - help)
What level of the Dungeon? (default 1, ? - help)
Okay, then.
Unknown command.
As you read the scroll labelled GAOZE IRREAWN, it crumbles to dust.
It is a scroll of enchant armour.
Your +0 scale mail glows green for a moment.
As you read the scroll labelled ZADDOLLOME, it crumbles to dust.
You hear a loud clanging noise!
It was a scroll of noise.
As you read the scroll labelled HAPNANULIC, it crumbles to dust.
Magic quickly surges around you.
It was a scroll of vulnerability.
(D) Dungeon
Where to? (? - help)
What level of the Dungeon? (default 1, ? - help)
You flicker for a moment.
You feel your willpower return.
There is an open door here.
There is a staircase leading out of the dungeon here.
Are you sure you want to leave the Dungeon?
This will make you lose the game!
You have escaped!

##.#####..)...............#...#..
##.....#####..........###........
#####...# #####...######..#####.
###.# #..........##.# #.
#.#####.########...)## #.
#.......##### ####).# ##
#####.......# #### ##..#'#.#
#..#@#.# #..#+#.# #......#
########


There were no monsters in sight!

Vanquished Creatures
  A dart slug (D:1)
  5 bats (D:1)
  2 giant cockroaches (D:1)
  4 goblins (D:1)
  A hobgoblin (D:1)
  3 jackals (D:1)
  A quokka (D:1)
  A ball python (D:1)
  A frilled lizard (D:1)
  4 kobolds (D:1)
  2 rats (D:1)
25 creatures vanquished.

Notes
Turn   | Place    | Note
-------+----------+-------------------------------------------
     0 | D:1      | Peloso the Minotaur Fighter began the quest for the Orb.
     0 | D:1      | Reached XP level 1. HP: 19/19 MP: 0/0
    23 | D:1      | Found a faded altar of an unknown god.
    68 | D:1      | Reached XP level 2. HP: 23/27 MP: 1/1
   282 | D:1      | Reached XP level 3. HP: 33/33 MP: 2/2
   491 | D:1      | Gained mutation: Your system is resistant to poisons.
                  | (rPois) [potion of mutation]
   491 | D:1      | Gained mutation: You expend magic power (3 MP) to
                  | strengthen your wands. [potion of mutation]
   529 | D:$      | Got out of the dungeon alive.

Illustrated notes

Levels and vault maps discovered:
D:1:      dpeg_arrival_tiny_d, layout_rooms, hellmonk_ecumenical_altar_lost_god,
          minmay_surrounded

Skill      XL: |  1  2 |
---------------+-------+-----
Fighting       | 4 |  4.2
Shields        | 4 |  4.0
Armour         | 4 |  4.0
Long Blades    | |  2.9

Action                     || total
---------------------------++-------
  Melee: Long sword        ||    59
         Headbutt          ||     5
    Use: Scroll            ||     3
         Potion            ||     3
 Armour: Scale mail        ||    39
  Dodge: Dodged            ||    44
  Block: Buckler           ||    25
